 Dungeon Crawl Stone Soup version 0.22-a0-396-g3f858e3 (webtiles) character file.

392 Borgoz the Skirmisher (level 6, 0/56 HPs)
             Began as a Minotaur Abyssal Knight on May 3, 2018.
             Was a Believer of Lugonu.
             Slain by an ogre
             ... wielding a +0 giant club
              (25 damage)
             ... on level 4 of the Dungeon.
             The game lasted 00:04:02 (3482 turns).

Borgoz the Skirmisher (Minotaur Abyssal Knight)     Turns: 3482, Time: 00:04:03

Health: 0/56       AC:  3    Str: 16    XL:     6   Next: 51%
Magic:  16/16      EV: 13    Int:  9    God:    Lugonu [**....]
Gold:   162        SH:  0    Dex: 16    Spells: 5/5 levels left

rFire    . . .     SeeInvis .   a - +1 hand axe
rCold    . . .     Gourm    .   (no shield)
rNeg     . . .     Faith    .   b - +0 leather armour
rPois    .         Spirit   .   (helmet restricted)
rElec    .         Reflect  .   (no cloak)
rCorr    .         Harm     .   (no gloves)
MR       .....                  (no boots)
Stlth    +.........             (no amulet)
HPRegen  0.18/turn              d - +4 ring of dexterity
MPRegen  0.15/turn              i - ring of magical power

@: no status effects
A: retaliatory headbutt, horns 2
a: Depart the Abyss, Bend Space, Renounce Religion


You were on level 4 of the Dungeon.
You worshipped Lugonu.
Lugonu was pleased with you.
You were very hungry.

You visited 1 branch of the dungeon, and saw 4 of its levels.
You visited the Abyss 1 time.

You collected 162 gold pieces.

Inventory:

Hand Weapons
 a - a +1 hand axe (weapon)
Armour
 b - a +0 leather armour (worn)
Jewellery
 d - a +4 ring of dexterity (left hand)
 i - a ring of magical power (right hand)
 m - an uncursed ring of protection from fire {unknown}
Scrolls
 f - a scroll of fog {unknown}
 g - 2 scrolls of blinking {unknown}
 h - 2 scrolls of identify {unknown}
 j - 5 scrolls of teleportation {unknown}
 l - 2 scrolls of remove curse {unknown}
 n - 3 scrolls of enchant armour {unknown}
 q - a scroll of immolation {unknown}
Potions
 e - a potion of curing
 k - a potion of heal wounds {unknown}
 o - a potion of brilliance {unknown}
Comestibles
 c - 5 rations


   Skills:
 * Level 5.6 Fighting
 * Level 5.0 Axes
 + Level 3.7 Armour
 + Level 2.8 Dodging
 + Level 3.0 Invocations


You had 5 spell levels left.
You didn't know any spells.

Dungeon Overview and Level Annotations

Branches:
Dungeon (4/15)
 Temple: D:4-7

Altars:
Dithmenos
Elyvilon
The Shining One


Innate Abilities, Weirdness & Mutations

You reflexively headbutt those who attack you in melee.
You have a pair of horns on your head.


Message History

You slash the hound!
You kill the hound!
Lugonu accepts your kill.
You hit the ogre but do no damage.
The ogre is severely wounded.
The ogre hits you with a giant spiked club!
* * * LOW HITPOINT WARNING * * *
You feel better. The ogre closely misses you.
You feel better. The ogre barely misses you.
You hit the ogre.
The ogre is almost dead.
You slash the ogre!
You kill the ogre!
Lugonu accepts your kill.
Your Axes skill increases to level 5!
Your Invocations skill increases to level 3!
You hit the ogre. Your headbutt misses the ogre.
The ogre is lightly wounded.
The ogre hits you with a giant club!!
You die...

'........#
#.#
###.#.##.#
#.# #
#.#.##.#
#.# # .#.#
# #.# #
.#.# #.#
.# #.# ##
#.# #.#
#@# #O#
#.#
#.#####.##
.........#
..####..##
#..# #..#
#..#


You could see an ogre.

Vanquished Creatures
  2 ogres
  A hound (D:4)
  An iguana (D:3)
  4 gnolls
  4 adders
  4 worms
  3 leopard geckos
  9 orcs
  4 giant cockroaches
  11 goblins
  8 hobgoblins
  2 ball pythons (D:3)
  9 bats
  2 frilled lizards
  6 kobolds
  5 rats
75 creatures vanquished.

Notes
Turn   | Place    | Note
-------+----------+-------------------------------------------
     0 | Abyss:1  | Borgoz the Minotaur Abyssal Knight began the quest for the Orb.
     0 | Abyss:1  | Reached XP level 1. HP: 19/19 MP: 1/1
    54 | Abyss:1  | Noticed a sixfirhy
    55 | D:1      | Escaped the Abyss
   245 | D:1      | Reached * piety under Lugonu
   262 | D:1      | Reached XP level 2. HP: 21/27 MP: 2/2
   745 | D:2      | Found a glowing golden altar of the Shining One.
   955 | D:2      | Reached XP level 3. HP: 30/33 MP: 3/3
   960 | D:2      | Found a white marble altar of Elyvilon.
  1310 | D:2      | Reached ** piety under Lugonu
  1473 | D:3      | Reached XP level 4. HP: 39/41 MP: 4/4
  1665 | D:2      | HP: 1/41 [gnoll (6)]
  2016 | D:3      | Noticed an ogre
  2027 | D:3      | Killed an ogre
  2027 | D:3      | Reached skill level 5 in Fighting
  2027 | D:3      | Reached XP level 5. HP: 13/48 MP: 5/5
  2343 | D:3      | Found a shadowy altar of Dithmenos.
  2539 | D:3      | Found a white marble altar of Elyvilon.
  3022 | D:3      | Reached XP level 6. HP: 56/56 MP: 7/7
  3481 | D:4      | Reached skill level 5 in Axes
  3482 | D:4      | Slain by an ogre

Vault maps used:
D:1:      onia_arrival_pyramid, minmay_misc_feat_more_columns
D:2:      old_standard_altar, elyvilon_altar_3
D:3:      marbit_many_paths, nicolae_dithmenos_shadow_blocks
D:4:      first_ration

Skill      XL: |  1  2  3  4  5  6 |
---------------+-------------------+-----
Invocations    | 2 3 |  3.0
Axes           | 3 4 5 |  5.0
Fighting       | 4 5 |  5.6
Dodging        | 2 |  2.8
Armour         | 3 |  3.7

Action                   |  1- 3 |  4- 6 || total
-------------------------+-------+-------++-------
Melee: Hand axe          |    80 |    91 ||   171
       Headbutt          |     7 |    20 ||    27
Invok: Depart the Abyss  |     1 |       ||     1
  Use: Potion            |       |     3 ||     3
 Stab: Sleeping          |     1 |       ||     1
  Eat: Chunk             |     1 |     6 ||     7
Armor: Leather armour    |    16 |    15 ||    31
Dodge: Dodged            |    55 |    64 ||   119

Table legend:
 A = Spawn XP
 B = Non-spawn XP
 C = Spawn XP percentage of total XP
 D = Spawn monster count
 E = Non-spawn monster count
 F = Spawn count percentage of total count
 G = Total turns spent on level
                    A         B        C        D         E        F      G
               +---------+---------+-------+---------+---------+-------+---------
         Total |       0 |     561 |   0.0 |       0 |      75 |   0.0 |  3482
               +---------+---------+-------+---------+---------+-------+---------
           D:1 |       0 |      23 |   0.0 |       0 |      14 |   0.0 |   677
           D:2 |       0 |     103 |   0.0 |       0 |      28 |   0.0 |  1230
           D:3 |       0 |     257 |   0.0 |       0 |      29 |   0.0 |  1275
           D:4 |       0 |     178 |   0.0 |       0 |       4 |   0.0 |   245
               +---------+---------+-------+---------+---------+-------+---------
